 Dungeon Crawl Stone Soup version 0.23-a0-643-g9ccc95a (webtiles) character file.

22 Borgoz the Skirmisher (level 2, 0/27 HPs)
             Began as a Ghoul Abyssal Knight on Jan 1, 2019.
             Was a Follower of Lugonu.
             Slain by an adder (1 damage)
             ... on level 2 of the Dungeon.
             The game lasted 00:01:35 (665 turns).

Borgoz the Skirmisher (Ghoul Abyssal Knight)         Turns: 665, Time: 00:01:36

Health: 0/27       AC:  4    Str: 15    XL:     2   Next: 91%
Magic:  2/2        EV: 11    Int:  7    God:    Lugonu [*.....]
Gold:   23         SH:  0    Dex: 11    Spells: 1/1 levels left

rFire    + . .     SeeInvis .     - Unarmed
rCold    + + .     Gourm    .   (no shield)
rNeg     + + +     Faith    .   a - +0 leather armour
rPois    ∞         Spirit   .   (no helmet)
rElec    +         Reflect  .   j - +0 cloak
rCorr    +         Harm     .   (no gloves)
MR       .....                  (no boots)
Stlth    +.........             (no amulet)
HPRegen  0.00/turn              m - +3 ring of dexterity
MPRegen  0.08/turn              (no ring)

@: resistant, flying, rotting, hasted, very quick
A: rotting body, claws 1, carnivore, cold resistance 1, negative energy
resistance 3, inhibited regeneration, torment resistance, unbreathing
a: Depart the Abyss, Renounce Religion


You were on level 2 of the Dungeon.
You worshipped Lugonu.
Lugonu was aware of your devotion.
You were not hungry.

You visited 1 branch of the dungeon, and saw 2 of its levels.
You visited the Abyss 1 time.

You collected 23 gold pieces.

Inventory:

Armour
 a - a +0 leather armour (worn)
 j - a +0 cloak (worn)
Jewellery
 m - a +3 ring of dexterity (left claw)
Scrolls
 e - a scroll of remove curse
 g - 3 scrolls of identify
 h - a scroll of fog {unknown}
 o - a scroll of blinking {unknown}
Potions
 f - a potion of curing
 i - a potion of lignification {unknown}
 n - a potion of magic
Comestibles
 b - 5 rations


   Skills:
 * Level 3.7 Fighting
 + Level 2.0 Armour
 + Level 1.0 Dodging
 * Level 2.6 Unarmed Combat
 + Level 2.2 Invocations


You had one spell level left.
You didn't know any spells.
Your spell library was empty.

Dungeon Overview and Level Annotations

Branches:
Dungeon (2/15)

Altars:
Nemelex Xobeh


Innate Abilities, Weirdness & Mutations

Your body is rotting away.
You thrive on raw meat.
You are immune to poison.
You have sharp fingernails.
You are carnivorous and can eat meat at any time.
Your flesh is cold resistant. (rC+)
You are immune to negative energy. (rN+++)
You do not regenerate when monsters are visible.
You are immune to unholy pain and torment.
You can survive without breathing.


Message History

The adder closely misses you.
It was a potion of resistance.
You feel protected. The quokka misses you. The adder bites you.
* * * LOW HITPOINT WARNING * * *
The ooze barely misses you.
Okay, then.
As you read the scroll labeled IVOLIES GIUTS, it crumbles to dust.
It is a scroll of identify.
n - a potion of magic The quokka bites you.
* * * LOW HITPOINT WARNING * * *
The adder closely misses you. The ooze closely misses you.
The quokka closely misses you.
It was a potion of flight.
You feel very buoyant.
You fly up into the air.
The adder misses you. The ooze closely misses you.
The quokka closely misses you.
It was a potion of haste.
You feel yourself speed up. The adder bites you.
You die...

###########
#.........#
#.........#
#...r.....#
#..@J.....#
#...S.....#
#....=....#
#.........#
...###[#.....
.... .......
.#### .####..
.# ..


You could see an ooze, an adder and a quokka.

Vanquished Creatures
  3 bats (D:1)
  A giant cockroach (D:1)
  A goblin (D:1)
  4 hobgoblins (D:1)
  3 jackals (D:1)
  A kobold (D:1)
  2 ball pythons (D:1)
  2 frilled lizards (D:1)
  A rat (D:1)
18 creatures vanquished.

Notes
Turn   | Place    | Note
-------+----------+-------------------------------------------
     0 | Abyss:1  | Borgoz the Ghoul Abyssal Knight began the quest for the
                  | Orb.
     0 | Abyss:1  | Reached XP level 1. HP: 19/19 MP: 1/1
     1 | Abyss:1  | Found a corrupted altar of Lugonu.
    73 | Abyss:1  | Noticed a thrashing horror
    76 | D:1      | Escaped the Abyss
   185 | D:1      | Reached XP level 2. HP: 22/26 MP: 2/2
   196 | D:1      | Reached * piety under Lugonu
   206 | D:1      | Reached skill level 1 in Dodging
   485 | D:1      | Found a sparkling altar of Nemelex Xobeh.
   663 | D:2      | HP: 1/27 [quokka (2)]
   665 | D:2      | Slain by an adder

Vault maps used:
D:1:      dpeg_arrival_fog, roderic_roman_lattice,
          chequers_serial_rivers_small_b, nemelex_diamond_rough_becter
D:2:      first_ration, tso_metal_star

Skill      XL: |  1  2 |
---------------+-------+-----
Armour         | 2 |  2.0
Dodging        | 1 |  1.0
Fighting       | |  3.7
Unarmed Combat | |  2.6
Invocations    | |  2.2

Action                   || total
-------------------------++-------
Melee: Unarmed           ||    72
Invok: Depart the Abyss  ||     1
  Use: Scroll            ||     2
       Potion            ||     4
  Eat: Chunk             ||     6
Armor: Leather armour    ||    25
Dodge: Dodged            ||    59

Table legend:
 A = Non-vault XP
 B = Vault XP
 C = Vault XP percentage of total XP
 D = Non-vault monster count
 E = Vault monster count
 F = Vault count percentage of total count
                 A         B        C        D         E       F
            +---------+---------+-------+---------+---------+-------
      Total |      32 |       0 |   0.0 |      18 |       0 |   0.0
            +---------+---------+-------+---------+---------+-------
        D:1 |      32 |       0 |   0.0 |      18 |       0 |   0.0
            +---------+---------+-------+---------+---------+-------
